 Dungeon Crawl Stone Soup version 0.19.1 (webtiles) character file.

1420 Philogelos the Destroyer (level 8, -8/41 HPs)
             Began as a Deep Elf Wizard on Dec 6, 2016.
             Mangled by Quirk's ghost (15 damage)
             ... on level 5 of the Dungeon.
             The game lasted 00:37:24 (5044 turns).

Philogelos the Destroyer (Deep Elf Wizard)          Turns: 5044, Time: 00:37:24

Health: -8/41      AC:  3    Str:  5    XL:     8   Next: 43%
Magic:  2/16       EV: 13    Int: 28    God:
Gold:   156        SH:  0    Dex: 14    Spells: 3 memorised, 9 levels left

rFire  + . .     SeeInvis .     h - +0 quarterstaff
rCold  + . .     Gourm    .     a - +1 robe
rNeg   . . .     Faith    .     (shield currently unavailable)
rPois  +         Spirit   .     b - +0 hat
rElec  +         Reflect  .     (no cloak)
rCorr  +         Harm     .     (no gloves)
MR     .....                    (no boots)
Stlth  ++........               (no amulet)
                                (no ring)
                                j - +4 ring of intelligence

@: resistant
A: no striking features
a: no special abilities


You were on level 5 of the Dungeon.
You were not hungry.

You visited 1 branch of the dungeon, and saw 6 of its levels.

You collected 156 gold pieces.

Inventory:

Hand Weapons
 f - a +0 short sword of draining
 h - a +0 quarterstaff (weapon)
Armour
 a - a +1 robe (worn)
 b - a +0 hat (worn)
Jewellery
 j - a +4 ring of intelligence (left hand)
 v - the amulet "Pexoj" {Spirit rPois}
   (You found it on level 4 of the Dungeon)

   [amulet of guardian spirit]

   It causes incoming damage to be split between your health and magic.
   It protects you from poison.
Wands
 e - a wand of polymorph (5/24)
 n - a wand of iceblast (10/15)
Scrolls
 k - 3 scrolls of enchant armour
 l - 3 scrolls of amnesia
 s - a scroll of recharging
 u - 2 scrolls of enchant weapon {unknown}
 x - a scroll of remove curse
 y - a scroll of random uselessness {unknown}
Potions
 g - 4 potions of brilliance
 t - 2 potions of curing
Books
 c - a book of Minor Magic

   Spells                             Type                      Level
   a - Magic Dart                     Conjuration                  1
   b - Blink                          Translocation                2
   c - Call Imp                       Summoning                    2
   d - Repel Missiles                 Charms/Air                   2
   e - Slow                           Hexes                        2
   f - Conjure Flame                  Conjuration/Fire             3
   g - Mephitic Cloud                 Conjuration/Poison/Air       3
 z - a Young Poisoner's Handbook

   Spells                             Type                      Level
   a - Sting                          Conjuration/Poison           1
   b - Mephitic Cloud                 Conjuration/Poison/Air       3
   c - Olgreb's Toxic Radiance        Poison                       4
   d - Alistair's Intoxication        Transmutation/Poison         5
   e - Venom Bolt                     Conjuration/Poison           5
Comestibles
 d - 8 bread rations
 i - a slice of pizza
 m - a beef jerky
 o - 2 meat rations
 p - a chunk of flesh
 q - a royal jelly


   Skills:
 - Level 2.8 Dodging
 - Level 2.7 Stealth
 - Level 4.4 Spellcasting
 + Level 10.6 Conjurations
   Level 1.1 Summonings
 * Level 3.5 Translocations


You had 9 spell levels left.
You knew the following spells:

 Your Spells              Type           Power        Failure   Level  Hunger
a - Magic Dart            Conj           ####         1%          1    None
b - Mephitic Cloud        Conj/Pois/Air  ####....     6%          3    ##.....
c - Blink                 Tloc           N/A          2%          2    None


Dungeon Overview and Level Annotations

Branches:
Dungeon (6/15)
 Temple: D:4-7

Altars:
Ashenzari
Dithmenos
Uskayaw
Yredelemnul

Shops:
D:4 (

Annotations:
D:5 Quirk's ghost, novice GrFi


Message History

Press: ? - help, Shift-Dir - straight line, f/p - Quirk's ghost
Aim: Quirk's ghost (moderately damaged)
The magic dart hits Quirk's ghost.
Quirk's ghost is moderately damaged.
Quirk's ghost says, "They'll have to sweep you off the floor after I'm finished with you!"
Quirk's ghost hits you!!
* * * LOW HITPOINT WARNING * * *
It was a potion of resistance.
You feel protected. Quirk's ghost hits you.
* * * LOW HITPOINT WARNING * * *
Casting: Magic Dart
Confirm with . or Enter, or press ? or * to list all spells.
Aiming: Magic Dart
Press: ? - help, Shift-Dir - straight line, f/p - Quirk's ghost
Aim: Quirk's ghost (moderately damaged)
The magic dart hits Quirk's ghost.
Quirk's ghost is moderately damaged.
Quirk's ghost hits you!
You die...

########### #.#.##
#.........# ####.....
#.#######.# #......[.
#.# #####.###.##..).#
#.# #.>.......##.#.##
#.###.###.######.....
#.........# ###.##
#.###.##..# ##)##
#..W@.....# ##...#
#.###.##.## ##.....
#.###.##.### ##......
#.##.......###.......
#............'.......
####..#....###..รท....
#.....#.# ##......
#.##.##.# ##.....
#.##.##.# ##...#


You could see Quirk's ghost.

Vanquished Creatures
  The ghost of Aumanor the Conjurer, a novice DEWz (D:6)
  A phantom (D:3)
  A black bear (D:6)
  2 ice beasts (D:5)
  An ogre (D:4)
  A centaur (D:5)
  A bullfrog (D:6)
  A quasit (D:6)
  2 hounds
  A centaur skeleton (D:4)
  An orc priest (D:5)
  An orc wizard (D:5)
  Ijyb (D:2)
  4 worker ants
  A hound skeleton (D:4)
  6 adders
  3 gnolls (D:4)
  2 oozes
  An adder skeleton (D:6)
  4 worms
  2 dart slugs (D:1)
  4 leopard geckos
  14 orcs
  3 ball pythons
  5 giant cockroaches
  3 hobgoblins
  20 jackals
  2 kobolds (D:1)
  A quokka (D:6)
  4 bats
  3 frilled lizards
  15 goblins
  A leopard gecko zombie (D:5)
  7 rats
120 creatures vanquished.

Notes
Turn   | Place    | Note
-------+----------+-------------------------------------------
     0 | D:1      | Philogelos the Deep Elf Wizard began the quest for the Orb.
     0 | D:1      | Reached XP level 1. HP: 10/10 MP: 7/7
   102 | D:1      | Reached skill level 2 in Conjurations
   149 | D:1      | Reached XP level 2. HP: 9/15 MP: 1/9
   467 | D:1      | Reached skill level 3 in Conjurations
   612 | D:1      | Reached XP level 3. HP: 13/19 MP: 1/10
  1103 | D:2      | Reached skill level 4 in Conjurations
  1148 | D:2      | Noticed Ijyb
  1158 | D:2      | Killed Ijyb
  1158 | D:2      | Reached XP level 4. HP: 19/24 MP: 2/12
  1220 | D:2      | Found a hide-covered altar of Uskayaw.
  1730 | D:2      | Learned a level 3 spell: Mephitic Cloud
  1736 | D:3      | Reached skill level 5 in Conjurations
  1889 | D:3      | Noticed a phantom
  1913 | D:3      | Killed a phantom
  1913 | D:3      | Reached skill level 6 in Conjurations
  1913 | D:3      | Reached XP level 5. HP: 28/28 MP: 0/13
  2028 | D:3      | Found a shattered altar of Ashenzari.
  2582 | D:4      | Found Bythraqoum's Antique Weapon Shop.
  2664 | D:4      | Reached XP level 6. HP: 29/32 MP: 8/14
  2750 | D:4      | Reached skill level 7 in Conjurations
  2947 | D:4      | Found a shadowy altar of Dithmenos.
  3319 | D:4      | Got a crude jade amulet
  3320 | D:4      | Identified the amulet "Pexoj" {Spirit rPois} (You found it on level 4 of the Dungeon)
  3406 | D:5      | Entered Level 5 of the Dungeon
  3483 | D:5      | Reached skill level 8 in Conjurations
  3537 | D:5      | Reached XP level 7. HP: 32/36 MP: 3/15
  3765 | D:5      | Noticed Quirk's ghost (novice GrFi)
  3902 | D:6      | Learned a level 2 spell: Blink
  3902 | D:6      | Noticed Aumanor's ghost (novice DEWz)
  4041 | D:6      | Killed Aumanor's ghost
  4041 | D:6      | Reached skill level 9 in Conjurations
  4041 | D:6      | Reached XP level 8. HP: 10/41 MP: 5/16
  4074 | D:6      | Reached skill level 10 in Conjurations
  4325 | D:6      | Found a basalt altar of Yredelemnul.
  5044 | D:5      | Mangled by Quirk's ghost

Skill      XL: |  1  2  3  4  5  6  7  8 |
---------------+-------------------------+-----
Conjurations   | 2 3 4 6 8 9 10 | 10.6
Translocations | 2 3 |  3.5
Dodging        | |  2.8
Stealth        | |  2.7
Spellcasting   | |  4.4
Summonings     | |  1.1

Action                   |  1- 3 |  4- 6 |  7- 9 || total
-------------------------+-------+-------+-------++-------
Melee: Short sword       |    10 |    22 |    13 ||    45
       Quarterstaff      |       |       |    21 ||    21
 Cast: Magic Dart        |    84 |   151 |   134 ||   369
       Mephitic Cloud    |       |     8 |     2 ||    10
       Blink             |       |       |     8 ||     8
  Use: Scroll            |     5 |     4 |     6 ||    15
       Potion            |     2 |       |     5 ||     7
 Stab: Sleeping          |       |     1 |       ||     1
       Confused          |       |     1 |       ||     1
  Eat: Chunk             |       |     8 |     5 ||    13
Armor: Robe              |     3 |     3 |    21 ||    27
Dodge: Dodged            |    22 |    29 |    68 ||   119
